 Dungeon Crawl Stone Soup version 0.25-a0-424-g80bd347ae0 (webtiles) character file.

Game seed: 4568445766638774749, levelgen mode: deterministic

1197 Kohma the Transmogrifier (level 8, -9/64 HPs)
             Began as a Naga Transmuter on Jan 23, 2020.
             Was an Initiate of Cheibriados.
             Engulfed by Ijyb's flame (21 damage)
             ... on level 5 of the Dungeon.
             The game lasted 00:16:15 (5101 turns).

Kohma the Transmogrifier (Naga Transmuter)          Turns: 5101, Time: 00:16:15

Health: -9/64      AC:  2    Str: 14    XL:     8   Next: 44%
Magic:  20/22      EV: 19    Int: 21    God:    Cheibriados [......]
Gold:   77         SH:  4    Dex: 17    Spells: 3/14 levels left

rFire    . . .     SeeInvis +     - Unarmed
rCold    . . .     Gourm    .   (shield currently unavailable)
rNeg     . . .     Faith    .   (armour currently unavailable)
rPois    x         Spirit   .   (helmet currently unavailable)
rElec    .         Reflect  +   (cloak currently unavailable)
rCorr    .         Harm     .   (gloves currently unavailable)
MR       +....                  (no barding)
Stlth    ++........             n - +4 amulet of reflection
HPRegen  0.20/turn              s - ring of magical power
MPRegen  0.18/turn              v - +4 ring of intelligence

@: spider-form, very slow
A: tiny, see invisible, slow metabolism 1, spit poison 1, AC +2
a: Spit Poison, End Transformation, Bend Time, Renounce Religion


You were on level 5 of the Dungeon.
You worshipped Cheibriados.
Cheibriados was noncommittal.
You were not hungry.
You were a venomous arachnid creature.
You visited 2 branches of the dungeon, and saw 6 of its levels.
You also visited: Sewer.

You collected 390 gold pieces.
You spent 313 gold pieces at shops.

Inventory:

Missiles
 a - 87 arrows
 l - 55 poisoned darts (quivered)
 t - 8 javelins
Armour
 q - a +1 helmet (melded)
 w - a +1 pair of gloves of strength (melded)
 x - a cursed +0 robe (melded)
Jewellery
 n - a +4 amulet of reflection (around neck)
 s - a ring of magical power (left front leg)
 v - a +4 ring of intelligence (right front leg)
Wands
 h - a wand of iceblast (6)
 r - a wand of scattershot (5)
Scrolls
 j - a scroll of amnesia
 k - 2 scrolls of teleportation
 o - 4 scrolls of remove curse
 u - 3 scrolls of identify
Potions
 b - a potion of degeneration {unknown}
 c - 2 potions of resistance
 e - 2 potions of flight
 g - 5 potions of lignification
 i - 2 potions of heal wounds
 m - a potion of brilliance {unknown}
 p - 2 potions of curing
Comestibles
 d - 9 rations
 f - 4 chunks of flesh


   Skills:
 - Level 1.0 Fighting
 - Level 1.5 Dodging
 - Level 3.0 Unarmed Combat
 - Level 3.5 Spellcasting
 * Level 9.4 Transmutations


You had 3 spell levels left.
You knew the following spells:

 Your Spells              Type           Power        Failure   Level  Hunger
a - Beastly Appendage     Tmut           #####.       2%          1    None
b - Sticks to Snakes      Tmut           #####...     3%          2    ##.....
c - Spider Form           Tmut/Pois      ###.......   16%         3    ###....
d - Blade Hands           Tmut           #####.....   19%         5    ######.

Your spell library contained the following spells:

 Spells                   Type           Power        Failure   Level  Hunger
 Confusing Touch          Hex            #.......     58%         3    ###....
 Gell's Gravitas          Tloc           #.........   58%         3    ###....
 Ice Form                 Ice/Tmut       ###.....     38%         4    ####...
 Petrify                  Tmut/Erth      ###.....     38%         4    ####...
 Yara's Violent Unravell  Hex/Tmut       ###.......   67%         5    ######.
 Metabolic Englaciation   Hex/Ice        #.........   99%         5    ######.


Dungeon Overview and Level Annotations

Branches:
Dungeon (5/15)             Temple (1/1) D:4           Sewer (visited)

Altars:
Ashenzari
Cheibriados
Dithmenos
Elyvilon
Fedhas
Hepliaklqana
Kikubaaqudgha
Makhleb
Nemelex Xobeh
Okawaru
Qazlal
Ru
Sif Muna
Trog
Uskayaw
Wu Jian
Xom

Shops:
D:5 [

Annotations:
D:5 Ijyb


Innate Abilities, Weirdness & Mutations

You cannot wear boots.
((Your serpentine skin is tough. (AC +2)))
You have supernaturally acute eyesight. (SInv)
((Armour fits poorly on your strangely shaped body.))
((Your system is resistant to poisons. (rPois)))
((You cover ground very slowly.))
You have a slow metabolism.
You can spit poison.


Message History

You feel stronger.
You start resting.
Ijyb is too close now for your liking.
Casting: Spider Form (safe; 5% risk of failure)
Confirm with . or Enter, or press ? or * to list all spells.
You turn into a venomous arachnid creature.
Your +1 helmet melds into your body.
Your +1 pair of gloves of strength melds into your body.
Your cursed +0 robe melds into your body.
You feel weaker.
Ijyb zaps a wand.
Ijyb creates a blast of flame!
You hit Ijyb but do no damage.
Ijyb is poisoned.
You are engulfed in blazing flames.
* * * LOW HITPOINT WARNING * * *
Ijyb misses you. You block Ijyb's attack.
Ijyb zaps a wand.
Ijyb creates a blast of flame!
You hit Ijyb.
Ijyb looks as sick as possible!
Ijyb is lightly wounded.
You are engulfed in blazing flames.
You die...

###.###.#..## ##.#..## ###.#
#.##..# #..##..##
##..###.###.#########.####..#
.........##.##........# ##.#####
##.####........###..### #......
#.# #.###...##§##..## ##..... #.#
#.###..##§§§##..## #..... #.#
#.....##.§§§^##..## #..... #.#
#.#..##...s.§§##..## ##.... #.#
#.#.##....g§§§§##..####.... #.#
#.#.#...#####§§.#.......... ##.#
#.#.##^§#.#.#+^##)....#.... ...#
#.#..###§.#..###...........
#..####.##....§###...............
##(.!..........g...#.........####
#.##....#.........#........>#
##∩...#.##########..[........#


You could see Ijyb.

Vanquished Creatures
  Grinder (D:5)
  Eustachio (D:4)
  Menkaure (D:5)
  Duvessa (D:5)
  Purgy (Sewer)
  An ogre (D:5)
  Dowan (D:5)
  A scorpion (D:4)
  2 orc priests (D:5)
  2 hounds (D:4)
  Terence (D:3)
  An orc wizard (D:3)
  2 worker ants (D:4)
  A worker ant zombie (D:5)
  A howler monkey skeleton (D:5)
  4 adders (D:4)
  A shadow imp (D:5)
  A worm (D:3)
  A dart slug (D:1)
  3 leopard geckos (D:4)
  13 orcs
  2 giant cockroaches (D:4)
  7 goblins
  5 hobgoblins
  A ball python (D:2)
  11 bats
  4 frilled lizards
  A jackal skeleton (D:4)
  A jackal zombie (D:5)
  7 kobolds
  A quokka zombie (D:5)
  5 rats
86 creatures vanquished.

Vanquished Creatures (collateral kills)
  An adder (D:2)
  A leopard gecko (D:2)
2 creatures vanquished.

Grand Total: 88 creatures vanquished

Notes
Turn   | Place    | Note
-------+----------+-------------------------------------------
     0 | D:1      | Kohma the Naga Transmuter began the quest for the Orb.
     0 | D:1      | Reached XP level 1. HP: 18/18 MP: 3/3
   121 | D:1      | Reached XP level 2. HP: 16/25 MP: 3/5
   225 | D:1      | Learned a level 2 spell: Sticks to Snakes
   498 | D:1      | Reached skill level 3 in Transmutations
  1031 | D:2      | Reached XP level 3. HP: 30/31 MP: 0/6
  1036 | D:2      | Learned a level 3 spell: Spider Form
  1287 | D:2      | Found an iron altar of Okawaru.
  1575 | D:3      | Noticed Terence
  1586 | D:3      | Killed Terence
  1586 | D:3      | Reached skill level 4 in Transmutations
  1586 | D:3      | Reached XP level 4. HP: 27/38 MP: 3/7
  2421 | D:4      | Reached XP level 5. HP: 40/44 MP: 4/9
  2519 | D:4      | Reached skill level 5 in Transmutations
  2622 | D:4      | Found a glowing drain.
  2629 | Sewer    | Entered a sewer
  2637 | Sewer    | Reached XP level 6. HP: 49/51 MP: 10/10
  2684 | Sewer    | Noticed Purgy
  2706 | Sewer    | Killed Purgy
  2924 | D:4      | Found a staircase to the Ecumenical Temple.
  2943 | D:4      | Reached skill level 6 in Transmutations
  2956 | Temple   | Entered the Ecumenical Temple
  2994 | Temple   | Became a worshipper of Cheibriados the Contemplative
  3001 | Temple   | Learned a level 5 spell: Blade Hands
  3466 | D:4      | Noticed Eustachio
  3478 | D:4      | Killed Eustachio
  3478 | D:4      | Reached skill level 7 in Transmutations
  3478 | D:4      | Reached XP level 7. HP: 52/57 MP: 12/12
  4043 | D:5      | Entered Level 5 of the Dungeon
  4238 | D:5      | Noticed Duvessa
  4264 | D:5      | Killed Duvessa
  4264 | D:5      | Noticed Dowan
  4274 | D:5      | Killed Dowan
  4616 | D:5      | Found an ancient bone altar of Kikubaaqudgha.
  4879 | D:5      | Reached skill level 8 in Transmutations
  4962 | D:5      | Found Figas's Antique Armour Emporium.
  4963 | D:5      | Noticed Grinder
  4971 | D:5      | Reached XP level 8. HP: 64/64 MP: 13/13
  4977 | D:5      | Paralysed by Grinder for 4 turns
  4990 | D:5      | Killed Grinder
  4990 | D:5      | Reached skill level 9 in Transmutations
  4991 | D:5      | Noticed Ijyb
  4997 | D:5      | Bought a pair of runed gloves for 210 gold pieces
  4997 | D:5      | Bought a glowing robe for 103 gold pieces
  5059 | D:5      | Found a sparkling altar of Nemelex Xobeh.
  5060 | D:5      | Noticed Menkaure
  5072 | D:5      | Killed Menkaure
  5101 | D:5      | Engulfed by Ijyb's flame

Levels and vault maps discovered:
D:1:      lightli_molten_gateway, layout_rooms
D:2:      layout_rooms, okawaru_metal_pillars_3
D:3:      layout_rooms, uniq_terence
D:4:      layout_layer_cave, minmay_temple_entry_stoned_glass,
          gup_sewer_entry_spiral, uniq_eustachio
D:5:      layout_rooms, first_ration, serial_shops, shop, basic_altar,
          nemelex_spade_bored_becter, uniq_grinder, uniq_ijyb, uniq_menkaure,
          uniq_duvessa
Temple:   nicolae_temple_elliptical

Skill      XL: |  1  2  3  4  5  6  7  8 |
---------------+-------------------------+-----
Transmutations | 3 4 5 7 8 9 |  9.4
Spellcasting   | 3 |  3.5
Fighting       | |  1.0
Dodging        | |  1.5
Unarmed Combat | |  3.0

Action                   |  1- 3 |  4- 6 |  7- 9 || total
-------------------------+-------+-------+-------++-------
Melee: Unarmed           |    83 |   117 |   104 ||   304
       Headbutt          |     4 |       |       ||     4
 Cast: Beastly Appendage |    18 |     1 |       ||    19
       Sticks to Snakes  |     3 |     1 |     2 ||     6
       Spider Form       |     1 |    17 |     7 ||    25
  Use: Scroll            |       |    14 |     2 ||    16
  Eat: Chunk             |     2 |     6 |     7 ||    15
Armor: Robe              |    22 |     4 |     4 ||    30
       Skin              |       |    14 |     3 ||    17
Dodge: Dodged            |    66 |   103 |    62 ||   231
Block: Other             |       |    21 |    19 ||    40

Table legend:
 A = Non-vault XP
 B = Vault XP
 C = Vault XP percentage of total XP
 D = Non-vault monster count
 E = Vault monster count
 F = Vault count percentage of total count
                 A         B        C        D         E       F
            +---------+---------+-------+---------+---------+-------
      Total |     632 |    1079 |  63.1 |      68 |      20 |  22.7
            +---------+---------+-------+---------+---------+-------
        D:1 |      33 |       0 |   0.0 |      20 |       0 |   0.0
        D:2 |      21 |       0 |   0.0 |       9 |       0 |   0.0
        D:3 |      63 |      38 |  37.6 |      12 |       1 |   7.7
        D:4 |     237 |     248 |  51.1 |      11 |       9 |  45.0
        D:5 |     278 |     652 |  70.1 |      16 |       4 |  20.0
      Sewer |       0 |     141 | 100.0 |       0 |       6 | 100.0
            +---------+---------+-------+---------+---------+-------
